 Dungeon Crawl Stone Soup version 0.21.1-1-g345015fe64 (webtiles) character file.

1666 Loge the Grappler (level 8, 0/80 HPs)
             Began as a Troll Monk on July 18, 2018.
             Slain by Loge's ghost (12 damage)
             ... on level 5 of the Dungeon.
             The game lasted 00:09:40 (4517 turns).

Loge the Grappler (Troll Monk)                      Turns: 4517, Time: 00:09:41

Health: 0/80       AC:  7    Str: 20    XL:     8   Next: 69%
Magic:  7/7        EV:  9    Int:  6    God:
Gold:   187        SH:  9    Dex: 14    Spells: 7/7 levels left

rFire    + . .     SeeInvis .     - Unarmed
rCold    . . .     Gourm    +   r - +0 shield
rNeg     . . .     Faith    .   w - +2 robe {rF+}
rPois    .         Spirit   .   (helmet restricted)
rElec    .         Reflect  .   (no cloak)
rCorr    .         Harm     .   (gloves unavailable)
MR       .....                  (boots unavailable)
Stlth    ++........             (no amulet)
HPRegen  0.63/turn              (no ring)
MPRegen  0.10/turn              (no ring)

@: no status effects
A: large, unfitting armour, claws 3, fast metabolism 3, gourmand, regeneration
1, shaggy fur 1, tough skin 2
a: no special abilities


You were on level 5 of the Dungeon.
You were completely stuffed.

You visited 2 branches of the dungeon, and saw 6 of its levels.

You collected 187 gold pieces.

Inventory:

Hand Weapons
 v - a +1 whip of freezing
Missiles
 e - 72 stones (quivered)
 j - 7 silver javelins
 p - 3 large rocks
Armour
 r - a +0 shield (worn)
 w - a +2 robe of fire resistance (worn)
Jewellery
 q - an uncursed amulet of faith {unknown}
 u - an uncursed ring of poison resistance {unknown}
Wands
 x - a wand of digging (13)
Scrolls
 c - a scroll of blinking {unknown}
 d - 5 scrolls of identify {unknown}
 f - 2 scrolls of magic mapping {unknown}
 g - a scroll of enchant weapon {unknown}
 h - 3 scrolls of remove curse {unknown}
 i - 3 scrolls of amnesia {unknown}
 n - a scroll of immolation {unknown}
 o - 3 scrolls of noise {unknown}
 s - a scroll of enchant armour {unknown}
 t - 2 scrolls of teleportation {unknown}
Potions
 k - 2 potions of haste {unknown}
 l - a potion of curing {unknown}
 m - 2 potions of flight {unknown}
 z - a potion of degeneration {unknown}
Comestibles
 a - 3 chunks of flesh
 b - 12 rations


   Skills:
 + Level 5.3 Fighting
 - Level 2.4 Dodging
 - Level 1.0 Stealth
 + Level 4.0 Shields
 * Level 8.7 Unarmed Combat


You had 7 spell levels left.
You didn't know any spells.

Dungeon Overview and Level Annotations

Branches:
Dungeon (5/15)             Temple (1/1) D:5

Altars:
Ashenzari
Cheibriados
Dithmenos
Elyvilon
Fedhas
Gozag
Hepliaklqana
Kikubaaqudgha
Okawaru
Qazlal
Sif Muna
Trog
Vehumet
Xom
Yredelemnul
Zin

Annotations:
D:4 Sigmund
D:5 Loge's ghost, novice TrMo; Prince Ribbit


Innate Abilities, Weirdness & Mutations

You are too large for most types of armour.
You have claws for hands.
Your metabolism is lightning-fast.
You like to eat raw meat.
Your natural rate of healing is unusually fast.
You are covered in fur. (AC +1)
You have very tough skin. (AC +2)


Message History

Loge's ghost is lightly damaged.
Loge's ghost whispers, "Meet the emptiness of death!"
Loge's ghost barely misses you.
You closely miss Loge's ghost.
Loge's ghost is lightly damaged.
Loge's ghost hits you!!
You scratch Loge's ghost but do no damage.
Loge's ghost is lightly damaged.
Loge's ghost barely misses you.
You claw Loge's ghost!
Loge's ghost is moderately damaged.
You closely miss Loge's ghost.
Loge's ghost is moderately damaged.
Loge's ghost hits you!!
You barely miss Loge's ghost.
Loge's ghost is moderately damaged.
Loge's ghost hits you!!
* * * LOW HITPOINT WARNING * * *
Loge's ghost hits you!
You die...

.. ###... #. # #...
####.####. ## #.[.
.........#####.######)..
........⌠...#.##..))....
..................))....
......⌠.>.⌠..###........
........W....# ######...
.###...@⌠....# #...
#......#.#..# #...
#.#.#..#.#..# ##... #
#.#.......# #.... #
......o## ####.###
......##. ..#.# ##.###
.. #.#.# .. ####.#.#
#......###


You could see Loge's ghost.

Vanquished Creatures
  Pikel (D:4)
  Eustachio (D:4)
  Edmund (D:4)
  A phantom (D:4)
  A slave (D:4)
  The ghost of Lemonade the Chiller, an amateur NaIE (D:3)
  2 ogres
  4 scorpions (D:4)
  A bullfrog skeleton (D:4)
  A gnoll shaman (D:5)
  2 orc wizards (D:3)
  Ijyb (D:5)
  3 worker ants
  An iguana (D:5)
  A hound skeleton (D:4)
  7 adders
  5 gnolls (D:5)
  A shadow imp (D:5)
  3 oozes
  2 adder skeletons (D:4)
  3 worms
  2 leopard geckos
  6 orcs
  A ball python (D:1)
  7 bats
  3 giant cockroaches
  3 goblins
  10 hobgoblins
  6 jackals (D:1)
  4 quokkas
  2 frilled lizards
  7 kobolds
  6 rats
100 creatures vanquished.

Vanquished Creatures (others)
  A slave (D:4)
  A scorpion (D:4)
2 creatures vanquished.

Grand Total: 102 creatures vanquished

Notes
Turn   | Place    | Note
-------+----------+-------------------------------------------
     0 | D:1      | Loge the Troll Monk began the quest for the Orb.
     0 | D:1      | Reached XP level 1. HP: 22/22 MP: 0/0
   113 | D:1      | Reached XP level 2. HP: 29/29 MP: 1/1
   412 | D:1      | Reached XP level 3. HP: 36/36 MP: 2/2
   424 | D:1      | Reached skill level 4 in Unarmed Combat
  1308 | D:2      | Found a shadowy altar of Dithmenos.
  1334 | D:2      | Found a blossoming altar of Fedhas.
  1336 | D:2      | Found an ancient bone altar of Kikubaaqudgha.
  1511 | D:2      | Reached XP level 4. HP: 44/45 MP: 3/3
  1915 | D:3      | Noticed Lemonade's ghost (amateur NaIE)
  1953 | D:3      | Killed Lemonade's ghost
  1953 | D:3      | Reached skill level 1 in Shields
  1953 | D:3      | Reached skill level 5 in Unarmed Combat
  1953 | D:3      | Reached XP level 5. HP: 13/53 MP: 4/4
  2200 | D:3      | Found a radiant altar of Vehumet.
  2343 | D:3      | Found a faded altar of an unknown god.
  2480 | D:3      | Found a shimmering altar of Xom.
  2701 | D:3      | Found a stormy altar of Qazlal.
  2875 | D:4      | Reached XP level 6. HP: 48/62 MP: 5/5
  2929 | D:4      | Reached skill level 6 in Unarmed Combat
  2969 | D:4      | Noticed Sigmund
  3129 | D:4      | Reached XP level 7. HP: 50/70 MP: 6/6
  3152 | D:4      | Noticed Eustachio
  3180 | D:4      | Killed Eustachio
  3319 | D:4      | Reached skill level 7 in Unarmed Combat
  3371 | D:4      | Noticed Pikel
  3399 | D:4      | Killed Pikel
  3399 | D:4      | Reached skill level 8 in Unarmed Combat
  3399 | D:4      | Reached XP level 8. HP: 22/79 MP: 7/7
  3498 | D:4      | Noticed Edmund
  3512 | D:4      | Killed Edmund
  3512 | D:4      | Reached skill level 5 in Fighting
  3605 | D:5      | Entered Level 5 of the Dungeon
  3611 | D:5      | Noticed Loge's ghost (novice TrMo)
  3839 | D:5      | Noticed Prince Ribbit
  3986 | D:5      | Found an iron altar of Okawaru.
  4274 | D:5      | Noticed Ijyb
  4283 | D:5      | Killed Ijyb
  4376 | D:5      | Found a staircase to the Ecumenical Temple.
  4385 | Temple   | Entered the Ecumenical Temple
  4517 | D:5      | Slain by Loge's ghost

Skill      XL: |  1  2  3  4  5  6  7  8 |
---------------+-------------------------+-----
Unarmed Combat | 4 5 6 8 |  8.7
Fighting       | 3 4 5 |  5.3
Shields        | 1 2 3 4 |  4.0
Dodging        | |  2.4
Stealth        | |  1.0

Action                   |  1- 3 |  4- 6 |  7- 9 || total
-------------------------+-------+-------+-------++-------
Melee: Unarmed           |    85 |   112 |   161 ||   358
       Punch             |     1 |       |       ||     1
 Stab: Sleeping          |     2 |     3 |     2 ||     7
       Distracted        |       |       |     1 ||     1
  Eat: Chunk             |    19 |    15 |    13 ||    47
Armor: Robe              |    38 |    22 |    31 ||    91
Dodge: Dodged            |    54 |    40 |    38 ||   132
Block: Shield            |       |    34 |    63 ||    97
